 Dungeon Crawl Stone Soup version 0.28-a0-895-g6e5f11bd55 (webtiles) character file.

Game seed: 1786452154443522935

4999 timneilson the Blocker (level 10, -3/61 HPs)
             Began as a Gargoyle Fighter on Nov 22, 2021.
             Was a Priest of Okawaru.
             Slain by a nine-headed hydra (9 damage)
             ... on level 9 of the Dungeon.
             The game lasted 00:15:27 (10258 turns).

timneilson the Blocker (Gargoyle Fighter)          Turns: 10258, Time: 00:15:28

Health: -3/61      AC: 20    Str: 24    XL:     10   Next: 54%
Magic:  13/13      EV: 12    Int: 10    God:    Okawaru [***...]
Gold:   422        SH: 10    Dex:  9    Spells: 9/9 levels left

rFire   . . .      SeeInvis .   s - +1 demon blade (vamp)
rCold   . . .      Faith    .   w - +0 kite shield
rNeg    + . .      Spirit   .   t - +0 chain mail
rPois   ∞          Reflect  .   (no helmet)
rElec   +          Harm     .   r - +1 cloak
rCorr   .          Rampage  +   (no gloves)
Will    +....                   (no boots)
Stlth   ..........              l - amulet "Gool" {Rampage Regen+ Str+2}
HPRegen 1.20/turn               h - ring of willpower
MPRegen 0.13/turn               g - +4 ring of evasion

@: about to teleport
A: sickness immunity, AC +7, negative energy resistance 1, electricity
resistance, torment resistance 1, petrification resistance
a: Renounce Religion, Heroism


You were on level 9 of the Dungeon.
You worshipped Okawaru.
Okawaru was most pleased with you.
You visited 2 branches of the dungeon, and saw 10 of its levels.
You also visited: Ossuary.

You collected 422 gold pieces.

Inventory:

Hand Weapons
 a - a +1 long sword
 b - a +2 scimitar
 s - a +1 vampiric demon blade (weapon)
Armour
 r - a +1 cloak (worn)
 t - a +0 chain mail (worn)
 w - a +0 kite shield (worn)
Jewellery
 f - a ring of ice
 g - a +4 ring of evasion (right hand)
 h - a ring of willpower (left hand)
 l - the amulet "Gool" (around neck) {Rampage Regen+ Str+2}
   (You acquired it on level 5 of the Dungeon)

   [amulet of regeneration]

   Str:       It affects your strength (+2).
   Regen:     It increases your rate of health regeneration.
   Rampage:   It bestows one free step when moving towards enemies.
Wands
 k - a wand of flame (51)
 o - a wand of digging (5)
 q - a wand of polymorph (3)
 y - a wand of paralysis (9)
Scrolls
 d - a scroll of teleportation
 n - a scroll of enchant weapon
 u - a scroll of fog
 v - 2 scrolls of magic mapping
 z - a scroll of identify
Potions
 e - 5 potions of haste
 i - 4 potions of heal wounds
 j - 2 potions of mutation
 m - 4 potions of curing
 p - a potion of flight
 x - a potion of attraction


   Skills:
 + Level 6.4 Fighting
 * Level 6.5 Long Blades
 * Level 8.4 Armour
 + Level 3.7 Dodging
 * Level 8.5 Shields
 + Level 4.1 Invocations
 + Level 3.8 Evocations


You had 9 spell levels left.
You didn't know any spells.
Your spell library contained the following spells:

 Spells                   Type           Power      Damage    Failure   Level
 Pain                     Necr           0%         1d4       99%         1
 Dazzling Flash           Conj/Hex       0%         N/A       100%        3
 Vampiric Draining        Necr           0%         2d6       100%        3
 Iskenderun's Mystic Bla  Conj/Tloc      0%         2d3       100%        4
 Blade Hands              Tmut           0%         N/A       100%        5
 Iron Shot                Conj/Erth      0%         9d1       100%        6
 Starburst                Conj/Fire      0%         6d3       100%        6
 Animate Skeleton         Necr           Unusable   N/A       N/A         1
 Animate Armour           Summ/Erth      Unusable   N/A       N/A         4

Dungeon Overview and Level Annotations

Branches:
Dungeon (9/15)             Temple (1/1) D:5         Ossuary (visited)
   Lair: D:8-11         Orc: D:9-12

Altars:
Ashenzari
Cheibriados
Dithmenos
Elyvilon
Fedhas
Gozag
Hepliaklqana
Kikubaaqudgha
Makhleb
Nemelex Xobeh
Okawaru
Qazlal
Ru
Sif Muna
Trog
Uskayaw
Vehumet
Wu Jian
Xom
Yredelemnul
Zin
The Shining One

Shops:
D:1 :   D:4 *


Innate Abilities, Weirdness & Mutations

You are immune to sickness and miasma.
Your stone body is resilient. (AC +7)
You are immune to poison.
You resist negative energy. (rN+)
You are resistant to electric shocks. (rElec)
You are resistant to unholy torment.
You are immune to petrification.


Message History

Aim: a nine-headed hydra (moderately wounded, 90% to hit)
The puff of flame hits the nine-headed hydra!
The nine-headed hydra is heavily wounded.
The nine-headed hydra barely misses you.
The nine-headed hydra closely misses you.
You block the nine-headed hydra's attack.
The nine-headed hydra bites you.
The nine-headed hydra bites you but does no damage.
The nine-headed hydra closely misses you.
The nine-headed hydra bites you. The nine-headed hydra bites you!
You block the nine-headed hydra's attack.
Aiming: Throw Flame
Press: ? - help, Shift-Dir - straight line, f/p - nine-headed hydra
Aim: a nine-headed hydra (heavily wounded, 90% to hit)
The puff of flame hits the nine-headed hydra!
The nine-headed hydra is heavily wounded.
The nine-headed hydra barely misses you.
The nine-headed hydra bites you. The nine-headed hydra bites you! x2
* * * LOW HITPOINT WARNING * * *
You block the nine-headed hydra's attack.
The nine-headed hydra bites you.
* * * LOW HITPOINT WARNING * * *
You block the nine-headed hydra's attack.
The nine-headed hydra bites you but does no damage.
You block the nine-headed hydra's attack.
As you read the scroll of teleportation, it crumbles to dust.
You feel strangely unstable.
The nine-headed hydra bites you but does no damage. x6
The nine-headed hydra bites you!
* * * LOW HITPOINT WARNING * * *
The nine-headed hydra bites you but does no damage.
The nine-headed hydra barely misses you.
You block the nine-headed hydra's attack.
The nine-headed hydra barely misses you.
The nine-headed hydra bites you but does no damage.
You block the nine-headed hydra's attack. x2
The nine-headed hydra bites you but does no damage.
The nine-headed hydra closely misses you.
The nine-headed hydra misses you. The nine-headed hydra bites you!
You die...

. # .#
####.############
#.........).....#
##...............#
##............<..#
................@#
##.............D.#
########.########
#.# #.+ ###
#########


You could see a nine-headed hydra.

Vanquished Creatures
  Pikel (D:5)
  A troll (D:6)
  Sigmund (D:2)
  Eustachio (D:5)
  2 wyverns
  3 yaks (D:8)
  A steam dragon (D:8)
  3 ice beasts
  An orc warrior (D:7)
  2 sky beasts
  4 ogres
  A necrophage (D:8)
  3 black bears
  5 centaurs
  A bullfrog (D:7)
  2 scorpions
  3 gnoll sergeants
  A water moccasin skeleton (D:7)
  4 wights (D:8)
  A howler monkey (D:4)
  2 jellies
  A bullfrog zombie (D:5)
  A hound (D:7)
  A centaur zombie (D:9)
  A human zombie (Ossuary)
  Crazy Yiuf (D:5)
  An orc priest (D:7)
  A gnoll shaman (D:6)
  A centaur skeleton (D:5)
  Jessica (D:2)
  3 iguanas
  7 orc wizards
  A killer bee zombie (D:8)
  5 mummies (Ossuary)
  A howler monkey zombie (D:7)
  7 adders
  14 gnolls
  A howler monkey skeleton (D:5)
  2 shadow imps
  A white imp (D:4)
  A dart slug (D:1)
  12 orcs
  6 ball pythons
  8 endoplasms
  A giant cockroach (D:1)
  A gnoll zombie (Ossuary)
  5 goblins
  7 hobgoblins
  3 jackals (D:3)
  3 quokkas
  3 bats
  2 frilled lizards (D:1)
  A goblin zombie (Ossuary)
  A hobgoblin zombie (Ossuary)
  A kobold (D:3)
  2 kobold zombies (Ossuary)
  2 orc zombies (Ossuary)
  5 rats
158 creatures vanquished.

Notes
Turn   | Place    | Note
-------+----------+-------------------------------------------
     0 | D:1      | timneilson the Gargoyle Fighter began the quest for the
                  | Orb.
     0 | D:1      | Reached XP level 1. HP: 14/14 MP: 1/1
   102 | D:1      | Found Iqosapn's Book Shop.
   364 | D:1      | Reached XP level 2. HP: 17/19 MP: 2/2
   792 | D:1      | Found a faded altar of an unknown god.
  1404 | D:2      | Noticed Sigmund
  1419 | D:2      | Killed Sigmund
  1420 | D:2      | Reached skill level 1 in Dodging
  1420 | D:2      | Reached XP level 3. HP: 3/24 MP: 3/3
  1420 | D:2      | Reached XP level 4. HP: 3/29 MP: 4/4
  1420 | D:2      | Reached XP level 5. HP: 4/33 MP: 5/5
  2256 | D:2      | Noticed Jessica
  2266 | D:2      | Killed Jessica
  2823 | D:3      | Reached XP level 6. HP: 32/38 MP: 6/6
  3665 | D:4      | Noticed a wyvern
  3684 | D:4      | Killed a wyvern
  3685 | D:4      | Reached skill level 5 in Armour
  3685 | D:4      | Reached skill level 5 in Shields
  4046 | D:4      | Reached XP level 7. HP: 18/43 MP: 7/7
  4229 | D:4      | Found Loysaiso's CLEARANCE SALE!.
  4350 | D:4      | Reached skill level 1 in Evocations
  4904 | D:5      | Entered Level 5 of the Dungeon
  4904 | D:5      | Noticed Eustachio
  4942 | D:5      | Found a staircase to the Ecumenical Temple.
  4949 | Temple   | Entered the Ecumenical Temple
  4983 | Temple   | Became a worshipper of Warmaster Okawaru
  5634 | D:5      | Noticed Pikel
  5662 | D:5      | Killed Pikel
  5663 | D:5      | Reached skill level 1 in Invocations
  5663 | D:5      | Reached XP level 8. HP: 23/48 MP: 7/9
  6374 | D:5      | Killed Eustachio
  6375 | D:5      | Reached skill level 5 in Fighting
  6867 | D:5      | Reached * piety under Okawaru
  6868 | D:5      | Reached skill level 5 in Long Blades
  6868 | D:5      | Reached XP level 9. HP: 54/54 MP: 10/10
  7282 | D:5      | Found a runed translucent door.
  7283 | D:5      | Noticed Crazy Yiuf
  7290 | D:5      | Killed Crazy Yiuf
  7353 | D:5      | Identified a scroll of acquirement
  7353 | D:5      | Acquired the amulet "Gool" {Rampage Regen+ Str+2}
  7381 | D:6      | Noticed a troll
  7394 | D:6      | Killed a troll
  7436 | D:6      | Found a sand-covered staircase.
  7516 | Ossuary  | Entered an ossuary
  7976 | D:6      | Reached ** piety under Okawaru
  8487 | D:7      | Reached XP level 10. HP: 60/60 MP: 12/12
  8945 | D:7      | Reached *** piety under Okawaru
  9712 | D:8      | Found a hazy altar of Hepliaklqana.
 10122 | D:9      | Noticed a four-headed hydra
 10255 | D:9      | HP: 3/61 [nine-headed hydra (13)]
 10258 | D:9      | Slain by a nine-headed hydra

Illustrated notes

Levels and vault maps discovered:
D:1:      dpeg_arrival_lava_temple_mockup, layout_basic, serial_shops,
          nicolae_shop_trees, dreamdust_ecumenical_altar_angels_and_demons
D:2:      layout_basic, uniq_sigmund, uniq_terence, uniq_jessica
D:3:      layout_basic
D:4:      layout_loops_cross, nicolae_shop_clearance
D:5:      layout_rooms, minmay_temple_entry_statues, grunt_ministairs_10,
          minmay_misc_feat_room, uniq_pikel, uniq_eustachio,
          uniq_crazy_yiuf_cottage
D:6:      layout_rooms, nicolae_ossuary_entry_false_entrances
D:7:      layout_basic
D:8:      layout_basic, mainiacjoe_overflow_24_doors
D:9:      layout_roguey, serial_shops, shop_statue, nrook_uturn
Temple:   minmay_crystal_snake_temple

Skill      XL: |  1  2  3  4  5  6  7  8  9 10 |
---------------+-------------------------------+-----
Long Blades    | 2 3 4 5 6 |  6.5
Armour         | 4 5 6 7 8 |  8.4
Dodging        | 1 2 3 |  3.7
Shields        | 4 5 6 7 8 |  8.5
Fighting       | 4 5 6 |  6.4
Evocations     | 2 3 |  3.8
Invocations    | 1 2 3 4 |  4.1

Action                   |  1- 3 |  4- 6 |  7- 9 | 10-12 || total
-------------------------+-------+-------+-------+-------++-------
Melee: Long sword        |    66 |   140 |   221 |       ||   427
       Demon blade       |       |       |   176 |   135 ||   311
Invok: Heroism           |       |       |     2 |     1 ||     3
Evoke: Wand              |       |       |       |     6 ||     6
  Use: Scroll            |     2 |     2 |    11 |     5 ||    20
       Potion            |     1 |     2 |     1 |       ||     4
Armor: Scale mail        |    33 |    66 |   202 |       ||   301
       Skin              |       |    15 |       |       ||    15
       Chain mail        |       |       |       |    91 ||    91
Dodge: Dodged            |    35 |    81 |   286 |    81 ||   483
Block: Buckler           |     7 |    28 |   105 |    32 ||   172
       Kite shield       |       |       |       |    25 ||    25

Table legend: (Time is in decaauts)
 A = Elapsed time spent in this place.
 B = Non-inter-level travel time spent in this place.
 C = Inter-level travel time spent in this place.
 D = Time resting spent in this place.
 E = Time spent auto-exploring this place.
 F = Levels seen in this place.
 G = Mean time per level.
                   A        B        C        D        E       F      G
               +--------+--------+--------+--------+--------+-----+--------+
         Total |  10355 |  10038 |    317 |   1306 |   6682 |  11 |  941.4 |
       Dungeon |   9848 |   9537 |    311 |   1193 |   6441 |   9 | 1094.2 |
        Temple |    200 |    194 |      6 |      0 |    169 |   1 |  200.0 |
       Ossuary |    307 |    307 |      0 |    113 |     72 |   1 |  307.0 |
               +--------+--------+--------+--------+--------+-----+--------+

Top non-repeatable levels by time:
     D:4: 1817 daAuts
     D:5: 1752 daAuts
     D:2: 1368 daAuts
     D:1: 1189 daAuts
     D:3: 1148 daAuts
     D:7: 1003 daAuts
     D:8: 722 daAuts
     D:6: 586 daAuts
 Ossuary: 307 daAuts
     D:9: 258 daAuts
  Temple: 200 daAuts
